 Dungeon Crawl Stone Soup version 0.25-a0-667-gb977e01cb5 (webtiles) character file.

Game seed: 1435096277768267990, levelgen mode: deterministic

13718 Esekla the Spear-Bearer (level 11, -2/100 HPs)
             Began as a Deep Dwarf Abyssal Knight on Mar 28, 2020.
             Was the Champion of Lugonu.
             Slain by an orc warrior
             ... wielding a +0 war axe
             ... led by an orc warlord
              (24 damage)
             ... on level 2 of the Orcish Mines.
             The game lasted 01:28:04 (9865 turns).

Esekla the Spear-Bearer (Deep Dwarf Abyssal Knight) Turns: 9865, Time: 01:28:05

Health: -2/100     AC: 15    Str: 19    XL:     11   Next: 79%
Magic:  13/14      EV: 17    Int: 13    God:    Lugonu [******]
Gold:   918        SH:  2    Dex: 12    Spells: 10/19 levels left

rFire    + . .     SeeInvis .   y - +5 halberd (vamp)
rCold    + . .     Gourm    .   (shield currently unavailable)
rNeg     . . .     Faith    .   w - +3 scale mail {MR+}
rPois    .         Spirit   .   N - +2 helmet
rElec    .         Reflect  +   u - scarf {rC+ rF+}
rCorr    .         Harm     .   (no gloves)
MR       ++...                  o - +0 pair of boots
Stlth    ..........             G - +2 amulet of reflection
HPRegen  0.00/turn              g - ring of flight
MPRegen  0.14/turn              q - ring of wizardry

@: agile, lethally poisoned (-2 -> -2), non-regenerating, lightly drained
A: damage resistance, heal wounds, sense surroundings 2, no regeneration
a: Heal Wounds, Depart the Abyss, Bend Space, Banish, Corrupt, Enter the Abyss,
Brand Weapon With Distortion, Renounce Religion, Evoke Flight


You were on level 2 of the Orcish Mines.
You worshipped Lugonu.
Lugonu was exalted by your worship.
You were hungry.

You visited 2 branches of the dungeon, and saw 11 of its levels.
You visited the Abyss 1 time.
You also visited: Ossuary.

You collected 918 gold pieces.

Inventory:

Hand Weapons
 a - a +1 spear
 p - the +8 hunting sling "Zaesatai" {freeze, MP+9 Int+6}
   (You found it on level 5 of the Dungeon)

   It causes projectiles fired from it to freeze those they strike, causing
   extra injury to most foes and up to half again as much damage against
   particularly susceptible opponents.
   They can also slow down cold-blooded creatures.
   It affects your intelligence (+6).
   It affects your magic capacity (+9).
 v - a +1 war axe
 y - a +5 vampiric halberd (weapon)
 z - a +1 dagger of venom
 E - a +2 war axe of electrocution
 P - a +3 long sword of holy wrath
 Q - a +2 trident of flaming
Missiles
 n - 50 poisoned darts (quivered)
Armour
 b - a +0 buckler
 o - a +0 pair of boots (worn)
 u - a scarf of resistance (worn)
 w - a +3 scale mail of magic resistance (worn)
 H - a +1 chain mail of fire resistance
 N - a +2 helmet (worn)
Jewellery
 g - a ring of flight (left hand)
 h - an uncursed ring of fire
 k - an uncursed amulet of guardian spirit
 q - a ring of wizardry (right hand)
 G - a +2 amulet of reflection (around neck)
Wands
 e - a wand of digging (10)
 D - a wand of random effects (16)
 I - a wand of disintegration (9)
Scrolls
 f - 2 scrolls of remove curse
 j - a scroll of teleportation
 s - a scroll of fog
 x - a scroll of magic mapping
 B - a scroll of immolation {unknown}
 C - 2 scrolls of blinking
 M - a scroll of vulnerability
Potions
 d - 2 potions of flight
 i - 6 potions of curing
 l - 2 potions of haste {unknown}
 m - 3 potions of cancellation
 r - a potion of might
 A - 3 potions of resistance
 F - a potion of ambrosia {unknown}
 J - a potion of brilliance {unknown}
 K - a potion of magic
 L - a potion of stabbing {unknown}
Comestibles
 c - 22 rations


   Skills:
 + Level 7.2(7.0) Fighting
 + Level 3.6(9.2) Axes
 * Level 11.3(11.2) Polearms
 + Level 1.5(1.4) Throwing
 + Level 6.4(6.2) Armour
 + Level 4.5(4.3) Dodging
 - Level 0.7(0.5) Stealth
 + Level 0.5(0.3) Shields
 * Level 4.7(4.5) Spellcasting
 * Level 3.2(3.0) Charms
 + Level 4.4(4.2) Necromancy
 * Level 2.4(2.2) Air Magic
 * Level 5.8(5.6) Invocations
 + Level 0.3(0.1) Evocations


You had 10 spell levels left.
You knew the following spells:

 Your Spells              Type           Power        Failure   Level  Hunger
d - Vampiric Draining     Necr           ##........   12%         3    ###....
m - Deflect Missiles      Chrm/Air       #.........   100%        6    #######

Your spell library contained the following spells:

 Spells                   Type           Power        Failure   Level  Hunger
 Animate Skeleton         Necr           N/A          4%          1    None
 Pain                     Necr           ##..         4%          1    None
 Animate Dead             Necr           N/A          34%         4    ####...
 Agony                    Necr           ##......     67%         5    ######.
 Cause Fear               Hex            #.........   88%         4    ####...
 Silence                  Hex/Air        #.........   97%         5    ######.
 Yara's Violent Unravell  Hex/Tmut       #.........   99%         5    ######.
 Discord                  Hex            #.........   100%        8    #######


Dungeon Overview and Level Annotations

Branches:
Dungeon (9/15)             Temple (0/1) D:6             Orc (2/2) D:9
Ossuary (visited)
   Lair: D:8-11         Elf: Orc:2

Altars:
Fedhas
Kikubaaqudgha
Trog

Shops:
D:8 }(


Innate Abilities, Weirdness & Mutations

You are resistant to damage.
You can heal yourself by infusing magical energy.
You passively map the area around you.
You do not regenerate.


Message History

The bolt of negative energy hits you!!
You feel drained.
The orc warrior hits you from afar with a cursed -2 trident!
You barely miss the orc sorcerer.
The orc sorcerer is severely wounded.
The red devil hits you from afar with a +0 trident.
The orc sorcerer gestures at you while chanting.
The bolt of negative energy misses you. The orc warrior closely misses you.
You slash the orc sorcerer!
You kill the orc sorcerer!
Lugonu accepts your kill.
The red devil disappears in a puff of smoke!
The orc warrior hits you with a +0 war axe!!
* * * LOW HITPOINT WARNING * * *
The orc warrior hits you from afar with a cursed -2 trident!!
* * * LOW HITPOINT WARNING * * *
Space bends sharply around you!
The orc warrior blinks!
The orc warlord blinks!
You blink.
The orc warrior closely misses you.
You feel much better.
The orc warrior hits you with a +0 war axe!!
You die...

#####*###
##.#$##..##
,
#...ยง.....#
##.o.o#..#.#
*
##.@)o......
*
###.#..#...
* *
.....o.., *
, **
#........ ,
, ** *
##....... ,
, , ,.......
, , , ,
.$..... , ,
, ,...... ,
, ,, ,


You could see an orc warlord and 3 orc warriors.

Vanquished Creatures
  An orc warlord (Orc:1)
  An orc high priest (Orc:1)
  2 orc knights (Orc:1)
  4 orc sorcerers
  A troll (Orc:1)
  A hornet (D:9)
  2 hippogriffs
  Sigmund (D:6)
  3 yaks (D:9)
  6 spriggans (D:8)
  A hungry ghost (D:8)
  2 wargs
  Menkaure (Ossuary)
  3 sky beasts
  2 ice beasts
  21 orc warriors
  3 black bears
  8 ogres
  4 centaurs
  A big kobold (D:9)
  3 bullfrogs
  A gnoll sergeant (D:5)
  A wyvern zombie (D:9)
  5 scorpions
  A troll zombie (Ossuary)
  6 killer bees
  3 wights (D:9)
  A howler monkey (D:5)
  2 crimson imps
  4 centaur zombies (Ossuary)
  A bullfrog zombie (D:6)
  3 hounds
  9 orc priests
  A human zombie (Ossuary)
  A jelly (D:6)
  3 iguanas
  18 orc wizards
  4 worker ants
  A hound zombie (D:6)
  6 mummies (Ossuary)
  A worker ant zombie (D:5)
  3 howler monkey skeletons
  8 gnolls
  12 adders
  3 shadow imps
  An ufetubus (Abyss:2)
  3 oozes
  An adder skeleton (D:5)
  4 adder zombies
  A worm (D:3)
  A dart slug (D:3)
  5 leopard geckos
  71 orcs
  5 giant cockroaches
  4 goblins
  16 hobgoblins
  8 jackals
  19 kobolds
  3 quokkas
  8 bats
  5 frilled lizards
  3 goblin zombies (Ossuary)
  2 hobgoblin zombies (Ossuary)
  A jackal skeleton (D:5)
  6 kobold zombies
  A leopard gecko skeleton (D:5)
  7 quokka zombies
  3 rats
  5 rat zombies (Ossuary)
352 creatures vanquished.

Vanquished Creatures (others)
  3 orcs
  6 fungi (Orc:2)
  2 starspawn tentacles (Abyss:2)
11 creatures vanquished.

Grand Total: 363 creatures vanquished

Notes
Turn   | Place    | Note
-------+----------+-------------------------------------------
     0 | Abyss:1  | Esekla the Deep Dwarf Abyssal Knight began the quest for
                  | the Orb.
     0 | Abyss:1  | Reached XP level 1. HP: 20/20 MP: 2/2
    63 | Abyss:2  | Noticed a large abomination
    83 | Abyss:2  | Noticed a small abomination
    84 | Abyss:2  | Noticed a small abomination
    96 | Abyss:2  | Noticed a smoke demon
   102 | Abyss:2  | Noticed a tentacled starspawn
   111 | D:1      | Escaped the Abyss
   138 | D:1      | Reached XP level 2. HP: 24/28 MP: 3/3
   189 | D:1      | Reached * piety under Lugonu
   367 | D:1      | Reached XP level 3. HP: 15/34 MP: 5/5
   551 | D:2      | Reached skill level 2 in Polearms
   931 | D:2      | Reached ** piety under Lugonu
   931 | D:2      | Reached XP level 4. HP: 21/44 MP: 6/6
  1163 | D:2      | Reached skill level 1 in Spellcasting
  1722 | D:3      | Found a bloodstained altar of Trog.
  1861 | D:3      | Found an ancient bone altar of Kikubaaqudgha.
  2004 | D:3      | Reached XP level 5. HP: 42/50 MP: 0/7
  2075 | D:3      | Reached skill level 3 in Polearms
  2359 | D:3      | Reached *** piety under Lugonu
  2599 | D:4      | Reached XP level 6. HP: 21/58 MP: 0/8
  3176 | D:5      | Entered Level 5 of the Dungeon
  3464 | D:5      | Reached XP level 7. HP: 63/66 MP: 0/9
  3686 | D:5      | Reached skill level 1 in Axes
  3791 | D:5      | Got a crude hunting sling
  3801 | D:5      | Reached skill level 5 in Fighting
  3963 | D:6      | Identified the +8 hunting sling "Zaesatai" {freeze, MP+9
                  | Int+6} (You found it on level 5 of the Dungeon)
  4002 | D:5      | Reached skill level 1 in Throwing
  4025 | D:6      | Reached **** piety under Lugonu
  4110 | D:6      | Noticed Sigmund
  4309 | D:6      | Reached XP level 8. HP: 34/75 MP: 0/10
  4373 | D:6      | Killed Sigmund
  4373 | D:6      | Reached skill level 4 in Polearms
  4453 | D:6      | Found a blossoming altar of Fedhas.
  4954 | D:6      | Reached skill level 5 in Polearms
  4981 | D:6      | Found a staircase to the Ecumenical Temple.
  5224 | D:7      | Learned a level 3 spell: Vampiric Draining
  5254 | D:7      | Reached skill level 6 in Polearms
  5324 | D:7      | Reached skill level 1 in Necromancy
  5324 | D:7      | Gained mutation: You passively map the area around you.
                  | [Deep Dwarf growth]
  5324 | D:7      | Reached XP level 9. HP: 63/82 MP: 11/11
  5478 | D:7      | Reached ***** piety under Lugonu
  6243 | D:8      | Found Wusun's Antique Weapon Emporium.
  6257 | D:8      | Reached skill level 7 in Polearms
  6311 | D:8      | Found a sand-covered staircase.
  6331 | Ossuary  | Entered an ossuary
  6769 | Ossuary  | Noticed Menkaure
  6797 | Ossuary  | Killed Menkaure
  6799 | Ossuary  | Reached skill level 8 in Polearms
  6996 | D:8      | Found Yppu's Gadget Boutique.
  7123 | D:8      | Reached skill level 5 in Armour
  7169 | D:8      | Reached XP level 10. HP: 60/92 MP: 12/12
  7422 | D:8      | Reached skill level 9 in Polearms
  7466 | D:8      | Learned a level 6 spell: Deflect Missiles
  7831 | D:8      | Noticed a four-headed hydra
  8259 | D:9      | Reached skill level 10 in Polearms
  8296 | D:9      | Found a staircase to the Orcish Mines.
  8411 | D:9      | Reached ****** piety under Lugonu
  8541 | D:9      | Reached skill level 1 in Air Magic
  8716 | D:9      | Paralysed by a hornet for 3 turns
  8722 | D:9      | Reached skill level 1 in Charms
  8924 | Orc:1    | Entered Level 1 of the Orcish Mines
  9002 | Orc:2    | Entered Level 2 of the Orcish Mines
  9016 | Orc:2    | Noticed an orc high priest
  9027 | Orc:2    | Noticed an orc warlord
  9027 | Orc:2    | Noticed an orc high priest
  9030 | Orc:2    | Noticed a soul eater
  9037 | Orc:1    | Noticed a smoke demon
  9038 | Orc:1    | Noticed an orange demon
  9042 | Orc:1    | Killed an orc high priest
  9042 | Orc:1    | Reached XP level 11. HP: 83/99 MP: 14/14
  9067 | Orc:2    | Noticed a soul eater
  9093 | Orc:1    | Killed an orc warlord
  9265 | Orc:1    | Reached skill level 5 in Invocations
  9315 | Orc:2    | Noticed an orc knight
  9315 | Orc:2    | Noticed an orc sorcerer
  9430 | Orc:2    | Noticed an orc high priest
  9450 | Orc:1    | Killed an orc knight
  9512 | Orc:1    | Reached skill level 11 in Polearms
  9526 | Orc:2    | Noticed an orc sorcerer
  9528 | Orc:2    | Noticed a sun demon
  9540 | Orc:2    | Noticed a sun demon
  9559 | Orc:1    | Killed an orc sorcerer
  9607 | Orc:2    | Noticed an orc knight
  9607 | Orc:2    | Noticed an orc sorcerer
  9609 | Orc:2    | Noticed a sun demon
  9711 | Orc:1    | Killed an orc sorcerer
  9758 | Orc:1    | Killed an orc knight
  9815 | Orc:1    | Killed an orc sorcerer
  9842 | Orc:2    | Noticed a sixfirhy
  9851 | Orc:2    | Noticed an orc sorcerer
  9854 | Orc:2    | Noticed an orc warlord
  9862 | Orc:2    | Killed an orc sorcerer
  9862 | Orc:2    | HP: 4/100 [orc warrior/cursed -2 trident[an orc warlord]
                  | (19)]
  9865 | Orc:2    | Slain by an orc warrior

Levels and vault maps discovered:
D:1:      minmay_arrival_hallway, layout_rooms
D:2:      layout_basic, nicolae_overflow_hidden_temple, first_ration
D:3:      layout_loops_cross, marbit_many_paths, kiku_gazebo_garden_becter,
          wad_rectangle_vault
D:4:      layout_gridville, serial_forest, infiniplex_forest_corner_1,
          infiniplex_forest_straight_2, infiniplex_forest_lined_3_way,
          infiniplex_forest_lined_room_3, infiniplex_forest_clump_tiny,
          infiniplex_forest_corner_2
D:5:      layout_loops_ring
D:6:      layout_loops_cross, temple_hall, grunt_ministairs_15,
          kennysheep_diamond, minmay_starry_boxes, uniq_sigmund
D:7:      layout_basic, grunt_ogre_cave
D:8:      kb_forest_paths, layout_basic, serial_shops, shop_fountains, shop,
          enter_ossuary_3
D:9:      layout_gridville, hiddenorc1_lemuel
Orc:1:    layout_diamond_mine, serial_shops, nicolae_shop_window_shopping,
          nicolae_orc_lava_tube, guppyfry_orc_lava_fort
Orc:2:    grunt_orc_gardens, layout_caves, grunt_orc_garden, grunt_orc_garden,
          grunt_orc_garden, grunt_orc_garden

Skill      XL: |  1  2  3  4  5  6  7  8  9 10 11 |
---------------+----------------------------------+-----
Fighting       | 3 4 5 6 7 |  7.2
Polearms       | 2 3 6 8 10 11 | 11.3
Spellcasting   | 1 2 3 4 |  4.7
Dodging        | 2 3 4 |  4.5
Armour         | 3 4 5 6 |  6.4
Axes           | 3 |  3.6
Throwing       | 1 |  1.5
Necromancy     | 1 3 4 |  4.4
Invocations    | 4 5 |  5.8
Air Magic      | 1 2 |  2.4
Charms         | 1 3 |  3.2
Stealth        | |  0.7
Shields        | |  0.5
Evocations     | |  0.3

Action                   |  1- 3 |  4- 6 |  7- 9 | 10-12 || total
-------------------------+-------+-------+-------+-------++-------
Melee: Spear             |   136 |   301 |       |       ||   437
       War axe           |       |    15 |    86 |       ||   101
       Halberd           |       |       |   394 |   574 ||   968
Throw: Dart              |       |    20 |    20 |    26 ||    66
Invok: Depart the Abyss  |     1 |       |       |       ||     1
       Bend Space        |       |       |       |    11 ||    11
 Abil: Heal Wounds       |     1 |     6 |     7 |    11 ||    25
Evoke: Wand              |       |       |       |     3 ||     3
  Use: Scroll            |       |     2 |    12 |    12 ||    26
       Potion            |       |       |       |    12 ||    12
 Stab: Sleeping          |       |     1 |       |       ||     1
  Eat: Chunk             |       |     8 |     9 |    10 ||    27
       Ration            |       |       |     2 |       ||     2
Armor: Leather armour    |    17 |    54 |       |       ||    71
       Scale mail        |       |       |   212 |   259 ||   471
Dodge: Dodged            |    71 |   149 |   280 |   364 ||   864
Block: Other             |       |       |    14 |    40 ||    54
       Reflection        |       |       |       |     4 ||     4

Table legend:
 A = Non-vault XP
 B = Vault XP
 C = Vault XP percentage of total XP
 D = Non-vault monster count
 E = Vault monster count
 F = Vault count percentage of total count
                 A         B        C        D         E       F
            +---------+---------+-------+---------+---------+-------
      Total |    9211 |   10387 |  53.0 |     251 |     102 |  28.9
            +---------+---------+-------+---------+---------+-------
        D:1 |      38 |       0 |   0.0 |      23 |       0 |   0.0
        D:2 |      78 |       0 |   0.0 |      19 |       0 |   0.0
        D:3 |     236 |      17 |   6.7 |      28 |       7 |  20.0
        D:4 |     103 |       0 |   0.0 |       8 |       0 |   0.0
        D:5 |     655 |      43 |   6.2 |      28 |       2 |   6.7
        D:6 |     967 |     644 |  40.0 |      18 |       6 |  25.0
        D:7 |     831 |       0 |   0.0 |      18 |       0 |   0.0
        D:8 |     737 |    1899 |  72.0 |      16 |      15 |  48.4
        D:9 |    3167 |     249 |   7.3 |      57 |      17 |  23.0
      Orc:1 |    1397 |    6940 |  83.2 |      29 |      18 |  38.3
      Orc:2 |     994 |       0 |   0.0 |       6 |       0 |   0.0
    Abyss:2 |       8 |       0 |   0.0 |       1 |       0 |   0.0
    Ossuary |       0 |     595 | 100.0 |       0 |      37 | 100.0
            +---------+---------+-------+---------+---------+-------
